Description

Banshee + Helions opening into Bio Fast 3CC

https://www.youtube.com/watch?v=sqawkUFA2Yg

VOD

https://youtu.be/3DoQ2cHbeUg

Replay - Serral v uwuThermal - Lightshade LE

Build Order

Get SALT Encoding   

  12  0:02  SCV  
  13  0:14  SCV  
  14  0:18  Supply Depot  
  14  0:26  SCV  
  15  0:39  SCV  
  15  0:41  Barracks  
  16  0:44  Refinery  
  16  0:51  SCV  
  17  1:04  SCV  
  18  1:16  SCV  
  19  1:28  Reaper, Orbital Command  
  20  1:39  Command Center  
  20  1:47  Supply Depot  
  20  1:54  SCV  
  20  2:00  Marine  
  22  2:06  SCV  
  23  2:08  Factory  
  23  2:18  SCV  
  23  2:21  Barracks Reactor  
  26  2:45  Command Center  
  26  2:51  Orbital Command  
  27  3:01  Starport  
  27  3:06  Refinery  
  27  3:12  Hellion x2  
  33  3:22  Barracks Tech Lab  
  35  3:36  Hellion x2  
  40  3:45  Banshee  
  40  3:46  Marine  
  46  3:56  Cloaking Field  
  46  3:58  Hellion  
  46  4:00  Orbital Command  
  50  4:07  Hellion  
  53  4:11  Supply Depot  
  54  4:22  Hellion  
  57  4:28  Hellion  
  59  4:32  Banshee  
  59  4:35  Supply Depot, Barracks Tech Lab  
  64  4:43  Supply Depot  
  64  4:44  Hellion  
  69  4:53  Orbital Command  
  69  4:54  Armory  
  69  4:57  Stimpack, Marine, Hellion  
  76  5:12  Barracks x2  
  79  5:25  Marine  
  81  5:29  Engineering Bay x2  
  81  5:30  Refinery x2  
  81  5:34  Starport Reactor  
  89  5:43  Marine  
  101  6:18  Barracks Reactor x2  
  103  6:23  Marine  
  100  6:25  Terran Infantry Armor Level 1, Terran Infantry Weapons Level 1  
  100  6:28  Barracks x2  
  101  6:37  Refinery  
  101  6:39  Combat Shield  
  102  6:41  Marine  
  102  6:44  Refinery  
  103  6:51  Medivac x2  
  108  6:55  Marine x3  
  108  6:59  Factory  
  108  7:01  Widow Mine  
  113  7:02  Missile Turret x2  
  113  7:08  Widow Mine, Missile Turret  
  116  7:12  Terran Vehicle And Ship Armor Level 1  
  119  7:16  Barracks Reactor x2  
  120  7:23  Medivac x2  
  120  7:25  Missile Turret  
  120  7:29  Widow Mine x2  
  133  7:45  Drilling Claws  
  133  7:47  Command Center  
  133  7:48  Widow Mine x2  
  132  8:10  Widow Mine  
  132  8:18  Thor  
  132  8:19  Widow Mine  
  121  8:24  Medivac x2  
  131  8:32  Terran Infantry Armor Level 2  
  133  8:38  Terran Infantry Weapons Level 2  
  133  8:40  Missile Turret x2  
  133  8:46  Widow Mine x2  
  145  9:08  Thor  
  155  9:16  Terran Vehicle Weapons Level 1  
  164  9:30  Planetary Fortress  
  167  9:42  Medivac  
  173  9:54  Thor  
Spawning Tool Build Advisor. Get it on Overwolf

Go to:

Details

  • Created by: LioNs_GaTe_
  • Published on: Feb 24, 2021
  • Modified on: Feb 24, 2021
  • Patch: 4.11.0
  • Difficulty: Medium
Show
View Real Time Build Order
Export as new Build Order

Comments (0)

There are no comments. Be the first!

Create an account to comment!